Map: Nightshade LE

Players

Pocholo

  • Race: Zerg Zerg
  • League: Diamond
  • Spawn Location: 5:00

llllllllllll - Winner!

  • Race: Protoss Protoss
  • League: Master
  • Spawn Location: 11:00

VOD

Have the link to the VOD?

Description

Time

  • Played on: April 3, 2020, 11:52 a.m.
  • Length: 8:27
Show
View Real Time Build Order
Export as new Build Order

Pocholo Zerg 

Build Orders: Hatch First 

Get SALT Encoding   

  12  0:02  Drone  
  13  0:10  Drone  
  14  0:36  Hatchery  
  14  0:38  Drone  
  14  0:42  Extractor  
  13  0:57  Spawning Pool  
  13  1:03  Drone  
  13  1:12  Drone  
  13  1:18  Overlord  
  14  1:43  Metabolic Boost  
  14  1:46  Zergling x2  
  14  1:47  Zergling x4  
  17  1:48  Zergling x2  
  18  1:58  Zergling x2  
  19  2:03  Baneling Nest  
  18  2:09  Zergling x2  
  18  2:11  Zergling x2  
  20  2:19  Zergling x2  
  21  2:27  Zergling x4  
  23  2:42  Zergling x6  
  26  2:50  Baneling x2  
  26  2:51  Baneling  
  25  3:01  Baneling  
  25  3:17  Baneling x2  
  25  3:21  Zergling x6  
  24  3:50  Zergling x2  
  24  3:51  Zergling x10  
  26  4:06  Drone  
  26  4:07  Drone  
  27  4:34  Overlord  
  27  4:42  Overlord  
  27  4:52  Queen  
  31  4:54  Lair  
  29  5:00  Zergling x6  
  29  5:01  Zergling x4  
  34  5:21  Zergling x6  
  37  5:25  Zergling x4  
  39  5:33  Zergling x2  
  39  5:34  Zergling x2  
  37  5:57  Nydus Network  
  36  6:04  Overlord  
  36  6:05  Overseer  
  36  6:22  Zergling x10  
  41  6:30  Zergling x4  
  35  6:33  Zergling x2  
  35  6:34  Zergling x2  
  31  6:44  Zergling x2  
  32  6:47  Zergling x2  
  33  7:00  Zergling x4  
  31  7:02  Zergling x2  
  31  7:06  Zergling x2  
Show
View Real Time Build Order
Export as new Build Order

llllllllllll Protoss - Winner!

Build Orders:  

Get SALT Encoding   

  12  0:01  Probe  
  13  0:13  Probe  
  14  0:20  Pylon  
  14  0:25  Probe (Chrono Boost)  
  15  0:38  Probe (Chrono Boost)  
  15  0:40  Gateway  
  16  0:46  Probe  
  16  0:47  Assimilator  
  17  0:58  Probe  
  18  1:10  Probe  
  19  1:22  Probe  
  20  1:28  Cybernetics Core  
  20  1:34  Probe  
  20  1:38  Zealot (Chrono Boost)  
  23  1:42  Pylon  
  23  1:56  Nexus  
  23  2:02  Adept (Chrono Boost)  
  23  2:05  Warp Gate (Chrono Boost)  
  25  2:15  Gateway  
  25  2:20  Shield Battery  
  25  2:26  Adept  
  27  2:42  Probe  
  28  2:50  Assimilator  
  28  2:54  Probe  
  28  2:57  Robotics Facility  
  29  3:04  Shield Battery  
  29  3:06  Gateway  
  31  3:27  Pylon, Zealot (Chrono Boost)  
  31  3:28  Sentry (Chrono Boost)  
  33  3:35  Pylon  
  32  3:51  Probe  
  32  3:52  Probe  
  32  3:54  Pylon  
  34  3:56  Zealot x2  
  38  4:04  Probe x2  
  38  4:05  Shield Battery  
  40  4:16  Probe x2  
  42  4:24  Immortal (Chrono Boost)  
  42  4:28  Probe  
  47  4:31  Probe  
  48  4:40  Stalker  
  48  4:41  Probe  
  52  4:53  Stalker  
  52  4:58  Warp Prism (Chrono Boost)  
  55  5:01  Probe  
  56  5:13  Probe  
  58  5:15  Gateway  
  58  5:17  Gateway  
  58  5:22  Sentry  
  58  5:23  Sentry  
  58  5:24  Probe  
  62  5:35  Pylon  
  62  5:49  Gateway  
  62  5:50  Pylon  
  62  5:56  Pylon  
  62  6:01  Gateway, Probe x2  
  64  6:09  Adept x2  
  68  6:13  Probe x2  
  70  6:25  Probe  
  71  6:31  Adept x3  
  77  6:35  Probe  
  77  6:37  Probe  
  77  6:45  Pylon  
  77  6:47  Probe  
  78  6:48  Pylon  
  78  7:05  Adept x3  
  78  7:06  Stalker x3  
  86  7:20  Probe x2  
  88  7:23  Pylon  
  88  7:34  Stalker  
  88  7:35  Stalker x2  
  94  8:00  Zealot x2  
  94  8:01  Zealot x2  
  102  8:09  Pylon  
Tags
 
Add a new tag
Caveats
  • Supply blocks, unpowered buildings, or Contaminate may cause inaccurate times.
  • Supply counts are checked every 10 seconds.